[Event "71st Greek Championship 2022"]
[Site "Athens"]
[Date "2022.12.08"]
[Round "6.4"]
[White "Mitsis, Georgios"]
[Black "Alexakis, Dimitris"]
[Result "1/2-1/2"]
[ECO "A43"]
[WhiteElo "2365"]
[BlackElo "2486"]
[Annotator "TA"]
[PlyCount "161"]
[EventDate "2022.12.04"]
[EventType "tourn"]
[EventCountry "GRE"]
[SourceTitle "playchess.com"]
[Source "ChessBase"]
[SourceQuality "1"]
[TimeControl "40/5400+30:1800+30"]

1. d4 Nf6 2. Nf3 c5 3. d5 b5 4. Bg5 g6 5. Bxf6 exf6 6. e4 {[%emt 0:03:58] A43: Schmid Benoni.} b4 $1 {[%emt 0:07:36][%mdl 4] outshines the older 6...a6.} 7. Nbd2 Bg7 $1 8. Nc4 {[%emt 0:01:43] next Nd6+ is good for White.} O-O 9. Bd3 d6 10. O-O Qc7 11. Nfd2 Nd7 12. f4 Nb6 {[%emt 0:05:54] [#]} 13. a4 $146 (13. f5 {should be considered.}) ({Predecessor:} 13. Qf3 f5 14. e5 Bb7 15. Nxd6 Bxd5 16. Qe2 Rfd8 17. N2c4 Bf8 18. b3 Nc8 19. Ne3 {1-0 (95) Isfan,I (2256)-Ciorgovean,I (2305) Mamaia 2021}) 13... f5 $11 14. exf5 Bb7 15. fxg6 fxg6 16. f5 gxf5 17. Rxf5 Nxd5 {[%emt 0:10:50] Threatens to win with ...Nf4.} 18. Qg4 {[%emt 0:04:57] Against Nf4} (18. Qf3 {feels hotter.} Bd4+ 19. Kh1 Ne3 20. Qg3+) 18... Kh8 19. Nf3 {[%emt 0:03:48] Inhibits Bd4+.} Nf6 (19... Bxb2 $11 20. Rf1 (20. Nxb2 Ne3 $17) 20... Rf6) 20. Qh4 $1 $14 {[%emt 0:06:21] White is more active.} Bxf3 21. Rxf3 (21. gxf3 $5 Ne8 22. Rxf8+ Bxf8 23. Re1 $16) 21... d5 22. Ne3 c4 23. Bf5 h6 $1 24. Rd1 (24. Kh1 {with more complications.} Qe5 25. Rg1 Ne4 26. Ng4) 24... Qe5 (24... Qb6 {simplifies} 25. Qd4 Qxd4 26. Rxd4 Rfe8) 25. b3 cxb3 26. cxb3 Ng8 (26... a5 $14) 27. Rxd5 $16 (27. Qxb4 $6 Ne7 28. Qg4 Rab8 $14) 27... Qa1+ 28. Rd1 Qe5 29. Rd5 (29. Qxb4 $18 Rad8 30. Rxd8 Rxd8 31. g3) 29... Qa1+ $1 30. Rf1 Qc3 31. Rd3 Qc5 32. Qc4 Qb6 33. Rf3 Rae8 34. Kf1 $36 {[%emt 0:03:21][%mdl 2048] Black is under strong pressure.} Ne7 35. Be4 (35. Qg4 {simplifies} Qf6 36. Kg1 Rd8 37. Rxd8 Rxd8 38. Bc2) 35... Ng6 {[%emt 0:00:40] And now ...Ne5 would win.} 36. a5 $1 Rxf3+ 37. gxf3 Qf6 {[%emt 0:00:15] [#]} 38. Qc6 (38. Qxb4 $6 Ne5 39. Rd6 Qf4 $11) (38. Qc7 $142 $1) 38... Qxc6 39. Bxc6 Rc8 (39... Ne5 $14 40. Bxe8 Nxd3) 40. Be4 $1 $18 Nf4 41. Rd7 Rc1+ 42. Kf2 {[%emt 0:03:29] aiming for Rd8+.} Bc3 43. Nf5 (43. Rxa7 Be1+ 44. Kg1 Bh4+ 45. Nf1 Ne2+ 46. Kg2 Nf4+ 47. Kg1 Ne2+ 48. Kg2 Nf4+ 49. Kg1 $11) (43. Rh7+ $6 Kg8) 43... Nh3+ $2 (43... Be1+ 44. Ke3 Ng2+ 45. Kd4 (45. Ke2 Nf4+ 46. Ke3 Ng2+ 47. Kd4 Rd1+ 48. Bd3 Nf4 $18) 45... Rd1+ 46. Bd3 Nf4) 44. Kg3 Ng5 45. Kg4 (45. Rxa7 Rg1+ 46. Kf4 Nh3+ 47. Ke3 Re1+ 48. Kd3 Nf2+ 49. Kc4 Nxe4 $18) (45. Nxh6 Rg1+ 46. Kf4 Ne6+ 47. Ke3 Rg7 $18) 45... Rg1+ 46. Kh5 Ne6 {[%emt 0:00:42] ( -> ...Nf4+)} 47. Ng3 (47. Nxh6 $2 Nf4+ 48. Kh4 Bf6#) (47. Kxh6 Rg6+ 48. Kxg6 Nf8+ 49. Kf7 Nxd7 $18) 47... Rg2 48. Rh7+ (48. Kxh6 $2 Rxh2+ 49. Nh5 Bg7+ 50. Rxg7 Nxg7 $19) 48... Kg8 49. Rxa7 (49. Kxh6 $2 {is the wrong capture.} Rxh2+ 50. Nh5 Bd2+ 51. Kg6 (51. f4 $2 Nxf4 52. Rg7+ Kf8 $19) 51... Nf8+ 52. Kf5 Nxh7 $19) 49... Rxh2+ (49... Kf8 {is a better defense.} 50. Kg4 (50. Kxh6 Rxh2+ 51. Nh5 Bg7+ 52. Kg6 Rg2+ 53. Kf5 Nd4+ 54. Kf4 Ne6+ 55. Kf5 Nd4+ 56. Kf4 Ne6+ 57. Kf5 $11) 50... Rxh2) 50. Kg4 h5+ 51. Nxh5 Rg2+ {[%emt 0:00:09] [#]} 52. Ng3 $1 {[%emt 0:00:42] Black must now prevent Bd5.} Kf8 53. f4 Rg1 54. Kf3 Nd4+ 55. Kf2 Ra1 {[%emt 0:00:07] [#]} 56. Bd5 $1 Be1+ 57. Ke3 {[%emt 0:01:18] Hoping for Ne4.} Nc2+ 58. Kf3 {[%emt 0:00:08] Strongly threatening Nf5.} Rd1 (58... Nd4+ $142 59. Kg4 Bxg3) 59. Be4 Nd4+ 60. Kg4 {[%emt 0:00:06] a6 is the strong threat.} Bxg3 61. Kxg3 Nxb3 {[%emt 0:00:30][%mdl 4096] Endgame KRB-KRN} 62. Rb7 $2 ({White should try} 62. Bc2 $18 Rd2 63. Bxb3 (63. Ra8+ Ke7 $16) 63... Rd3+ 64. Kf2 Rxb3 65. a6) 62... Nxa5 63. Rxb4 Rc1 64. Bd5 Ke7 65. Kg4 Rc5 66. Ba2 Rc2 67. Re4+ Kf8 68. Be6 Nb7 69. Bd5 Rc7 70. Rb4 Nd6 71. Rb6 Ke7 72. Rb1 Kf6 73. Re1 {[%emt 0:00:22] Re6+ would kill now.} Re7 {[%emt 0:00:17] Against Re6+} 74. Ra1 Rg7+ 75. Kf3 Rc7 76. Ra6 Ke7 77. Kg4 Rc5 78. Ba2 Rc1 {[%emt 0:00:58] The position is equal.} 79. Ra7+ Kf6 80. Rd7 Rd1 81. Bb3 {[%emt 0:00:59] White really could win this.   Weighted Error Value: White=0.22 (precise) /Black=0.27 (precise)} 1/2-1/2

[Event "71st Greek Championship 2022"]
[Site "Athens"]
[Date "2022.12.08"]
[Round "6.5"]
[White "Trimitzios, Petros"]
[Black "Marinakis, Hristos"]
[Result "1-0"]
[ECO "A07"]
[WhiteElo "2358"]
[BlackElo "2118"]
[Annotator "TA"]
[PlyCount "75"]
[EventDate "2022.12.04"]
[EventType "tourn"]
[EventCountry "GRE"]
[SourceTitle "playchess.com"]
[Source "ChessBase"]
[SourceQuality "1"]
[TimeControl "40/5400+30:1800+30"]

1. Nf3 d5 2. g3 Nf6 3. Bg2 c6 4. O-O e6 5. d3 Nbd7 6. Nbd2 Bd6 7. e4 O-O {[%emt 0:00:28] A07: Réti Opening: New York and Capablanca Systems.} 8. Qe2 {[%emt 0:03:06] Hoping for e5.} e5 9. exd5 cxd5 {[%emt 0:00:17] The position is equal.} 10. c4 {[%emt 0:00:02] [#]} Re8 $146 ({Predecessor:} 10... d4 11. Ng5 Ne8 12. Nde4 Be7 13. f4 h6 14. Nf3 f5 15. Nf2 exf4 16. Bxf4 Bf6 {1-0 (28) Damljanovic,B (2596)-Bergsson,S (2340) Obrenovac 2008}) 11. cxd5 Nxd5 12. Nc4 Bc7 13. Re1 b6 {[%emt 0:10:08] [#]} 14. Nd4 $1 Bb7 15. Nb5 $36 {[%emt 0:00:20][%mdl 2048] White has good play.} Bc6 16. Ncd6 Rf8 (16... Bxd6 $11 17. Nxd6 Re6) 17. Nxc7 {[%emt 0:07:03] White has more active pieces. The black rooks are badly placed.} Qxc7 18. Nf5 Rfe8 19. Bd2 ({White should play} 19. Qg4 $16 g6 20. Bd2) 19... N7f6 $14 20. Rac1 Qd7 {[%emt 0:00:59] [#]} ({Black should try} 20... Rac8 $1 $14) 21. Ne3 (21. Bh3 $1 $16 {[%cal Of5h6] aiming for Nh6+!} Re6 22. Nh4) 21... Ne7 $11 22. Nc4 (22. Bb4 $11 {remains equal.} Bxg2 23. Bxe7 Rxe7 24. Kxg2) 22... Bxg2 $17 23. Kxg2 Nc6 24. Bc3 {[%emt 0:00:44][%cal Rc4e5] [#]} Rad8 ({Much worse is} 24... Nd4 25. Bxd4 exd4 26. Qf3 $11) (24... Nd5 $1 $17) 25. Qf3 $11 Nd4 26. Bxd4 Qxd4 27. b3 h6 28. Re3 b5 (28... Re6 $5 ) 29. Na5 Nd5 (29... Rd7 $11) 30. Re4 $1 $14 Qb6 (30... Qb2 $14 31. Rc6 Qxa2) 31. Nc6 $16 Rc8 32. Nxe5 Rxc1 {[%emt 0:01:54] Loses the game.} (32... Nf6 $16 33. Rxc8 Rxc8) 33. Qxf7+ $18 (33. Nxf7 $2 {is the wrong capture.} Rf8 34. Re2 Qb7 35. Nxh6+ gxh6 $19) 33... Kh7 {[%emt 0:00:02] White must now prevent ...Qe6.} 34. Qxe8 {[%emt 0:00:42] Threatens to win with Nf7. Really sharp!} Rc2 35. Ng4 ({Resist} 35. Qf7 $6 Nf6 36. Rf4 Rxa2) 35... Nc3 $2 (35... Qc6 36. Qxc6 Rxc6) 36. Re6 {[%emt 0:00:37] Threatening mate with Qg6+.} Qb7+ 37. Kh3 {[%emt 0:00:03] White wants to mate with Qg6+.} Nd5 38. Qg6+ {[%emt 0:00:17] Weighted Error Value: White=0.17 (very precise) /Black=0.42} 1-0

[Event "71st Greek Championship 2022"]
[Site "Athens"]
[Date "2022.12.09"]
[Round "7.1"]
[White "Marinakis, Hristos"]
[Black "Skembris, Spyridon"]
[Result "0-1"]
[ECO "B38"]
[WhiteElo "2118"]
[BlackElo "2381"]
[Annotator "TA"]
[PlyCount "61"]
[EventDate "2022.12.04"]
[EventType "tourn"]
[EventCountry "GRE"]
[SourceTitle "playchess.com"]
[Source "ChessBase"]
[SourceQuality "1"]
[TimeControl "40/5400+30:1800+30"]

1. e4 c5 2. Nf3 Nc6 3. d4 cxd4 4. Nxd4 g6 5. c4 Bg7 6. Be3 Nf6 7. Nc3 O-O 8. Be2 b6 9. Qd2 Bb7 10. f3 Rc8 {[%emt 0:04:16] B38: Sicilian: Maroczy Bind with 5...Bg7 and 7...0-0.} 11. b3 d6 {[%emt 0:00:42] [#]} 12. O-O-O $146 ({Predecessor:} 12. Nc2 Re8 13. O-O Qc7 14. Rac1 Qb8 15. Bh6 Bh8 16. Ne3 Ne5 17. f4 Ned7 18. Bf3 {½-½ (41) Prochazka,D (2178)-Znamenacek,K (2289) Prague 2014}) 12... a6 {[%emt 0:04:52][%cal Ob6b5] White is slightly better.} 13. Kb1 Qc7 14. Rc1 Nxd4 15. Bxd4 Nd7 16. h4 (16. Bxg7 $16 Kxg7 17. h4 (17. Nd5 Bxd5 18. cxd5 Qb7 $14)) 16... Bxd4 $14 17. Qxd4 Qc5 18. Qd2 Qe5 19. Bd3 Nc5 20. Bc2 (20. h5 {feels hotter.} Qd4 21. Rcd1 b5 22. hxg6 fxg6 23. Qh6) 20... Ne6 (20... b5 $11) 21. Ne2 (21. Nd5 $14 Bxd5 22. exd5) 21... b5 $11 22. f4 Qf6 23. g4 (23. cxb5 $1 $11 axb5 24. h5) 23... bxc4 $17 {[%emt 0:01:52] Black is more active.} 24. g5 Qg7 25. f5 $2 (25. h5 $17) 25... cxb3 $19 26. axb3 {[%emt 0:00:12] [#]} Nc5 {[%emt 0:02:10] Dancing on a razor blade.} ({Not} 26... gxf5 27. exf5 Bxh1 28. Rxh1 $17) ({Better is} 26... Rxc2 $1 $19 27. Qxc2 {[#]} Qe5 $1) 27. f6 $2 {[%emt 0:13:35] This move loses the game for White.} (27. Qf4 $17 {only move.}) 27... exf6 28. Ng3 fxg5 29. hxg5 Rfe8 30. Rh4 Qe5 31. Rch1 {[%emt 0:02:39] Weighted Error Value: White=0.48/Black=0.16 (very precise)} 0-1

[Event "71st Greek Championship 2022"]
[Site "Athens"]
[Date "2022.12.09"]
[Round "7.2"]
[White "Alexakis, Dimitris"]
[Black "Trimitzios, Petros"]
[Result "1/2-1/2"]
[ECO "C28"]
[WhiteElo "2486"]
[BlackElo "2358"]
[Annotator "TA"]
[PlyCount "80"]
[EventDate "2022.12.04"]
[EventType "tourn"]
[EventCountry "GRE"]
[SourceTitle "playchess.com"]
[Source "ChessBase"]
[SourceQuality "1"]
[TimeControl "40/5400+30:1800+30"]

1. e4 e5 2. Nc3 Nc6 3. Bc4 Nf6 4. d3 Na5 5. Nge2 Nxc4 6. dxc4 Bc5 7. h3 h6 {[%emt 0:01:40] C28: Vienna Game: 2...Nf6 3 Bc4 Nc6.} 8. Qd3 {[%emt 0:03:38] [#]} Qe7 $146 ({Predecessor:} 8... d6 9. Be3 Bxe3 10. Qxe3 Be6 11. b3 c6 12. O-O Qb6 13. Qg3 O-O 14. Rad1 Rad8 15. Kh1 {1-0 (74) Nakamura,H (2745)-Duda,J (2730) Chess.com INT 2019}) 9. g4 d6 10. g5 (10. Be3 {simplifies} Bxe3 11. Qxe3 Be6 12. b3) 10... hxg5 11. Bxg5 Be6 12. f4 exf4 13. Nxf4 c6 14. O-O-O O-O-O 15. a3 Bb6 16. Kb1 Bc7 17. Nfe2 Bd7 18. Nd4 Rde8 19. Nf5 Qe5 (19... Bxf5 {simplifies} 20. exf5 Qe5 21. h4 Nd7) 20. Rhf1 $1 {[%emt 0:00:38] Hoping for Bf4.} Nxe4 21. Nxe4 Bxf5 22. Nxd6+ Qxd6 23. Qxf5+ ({And not} 23. Rxf5 Qxd3 24. Rxd3 Rh5 25. Rxf7 Rxg5 $19) 23... Qe6 24. Qxf7 Qxh3 (24... Qxf7 $16 {was necessary.} 25. Rxf7 Ref8 26. Rxg7 Rxh3) 25. Qxg7 (25. Rf5 $1 $18) 25... Reg8 26. Qe7 {[%emt 0:00:29] Rf7 would kill now. White has more active pieces.} Bd8 {[%emt 0:01:30] [#]} (26... Qg4 $142) 27. Rxd8+ $2 Rxd8 $11 28. Rf7 Qd7 29. Qf6 Qd6 (29... Qd1+ $1 $11 30. Ka2 Rhe8) 30. Qf5+ $14 {[%emt 0:01:29][%mdl 1024] White has compensation.} Rd7 {[%emt 0:00:18] [#]} 31. Bf4 $1 Qd1+ 32. Ka2 {[%emt 0:00:01] Strongly threatening Rxd7.} Re8 {[%emt 0:00:11] [#]} 33. Rf8 $40 {[%emt 0:01:10][%mdl 128] White has some attack. Chess con chili.} ({White should try} 33. Re7 $1 $16 Kd8 34. Rxe8+ Kxe8 35. Qg6+ Ke7 36. Qg7+ Ke6 37. Qg6+ Ke7 38. Bg5+ Kf8 39. Bh6+ Ke7 40. Bg5+ Kf8 41. Bh6+ Ke7 42. Bg5+) 33... Qe2 $11 {[%emt 0:03:16][%cal Oe2e7] The position is equal.} 34. Kb3 Qe7 35. Rf6 Qe4 36. Qc5 Qd4 37. Qf5 Qb6+ ({Much less strong is} 37... Red8 38. Re6 $16) 38. Ka2 Qd4 39. Kb3 Qb6+ ({Resist} 39... Red8 40. Qe6 $16) 40. Ka2 {[%emt 0:00:00] Rd6 is the strong threat.} Qd4 $1 {[%emt 0:00:00] Weighted Error Value: White=0.23 (precise) /Black=0.16 (very precise)} 1/2-1/2

[Event "71st Greek Championship 2022"]
[Site "Athens"]
[Date "2022.12.09"]
[Round "7.3"]
[White "Koutlas, Nikolaos"]
[Black "Mitsis, Georgios"]
[Result "0-1"]
[ECO "C55"]
[WhiteElo "2267"]
[BlackElo "2365"]
[Annotator "TA"]
[PlyCount "69"]
[EventDate "2022.12.04"]
[EventType "tourn"]
[EventCountry "GRE"]
[SourceTitle "playchess.com"]
[Source "ChessBase"]
[SourceQuality "1"]
[TimeControl "40/5400+30:1800+30"]

1. e4 e5 2. Nf3 Nc6 3. Bc4 Nf6 4. d3 Be7 5. Nc3 d6 6. a3 O-O 7. O-O Be6 {[%emt 0:04:57] 7...Be6 is a critical line. C55: Two Knights: 4 d3, 4 d4 exd4 5 e5 and Max Lange Attack.} 8. Nd5 h6 (8... a5 {simplifies} 9. Nxf6+ Bxf6 10. Bxe6 fxe6 11. a4 d5) 9. b4 {[%emt 0:00:00] [#]} a6 $146 {[%emt 0:00:23] White has an edge.} ({Predecessor:} 9... Nb8 10. Bb2 c6 11. Nxf6+ Bxf6 12. Bxe6 fxe6 13. d4 exd4 14. Bxd4 e5 15. Bb2 Na6 {0-1 (54) Jamrich,G (2230)-Sinkovics,P (2405) Hungary 1996}) 10. Re1 b5 11. Nxf6+ Bxf6 12. Bxe6 fxe6 13. Bd2 Qd7 14. a4 Ne7 15. Ra3 Ng6 16. Qa1 Rab8 17. axb5 axb5 18. Be3 Kh7 19. g3 Qf7 (19... Be7 $11 20. Kg2 d5) 20. Rf1 (20. Kg2 $14) 20... Be7 $11 21. Nd2 d5 {[%emt 0:08:27] [#] Threatens to win with ...d4.} 22. c3 Rfd8 (22... Rbd8 $142 23. Qb2 dxe4) 23. Ra7 Bd6 (23... d4 $5 24. cxd4 exd4 25. Bxd4 Bxb4 $11) 24. d4 exd4 25. Bxd4 e5 {[%emt 0:00:46] Inhibits f4.} 26. Be3 d4 27. cxd4 Bxb4 (27... exd4 $11 28. Qxd4 Qe7) 28. Rc1 (28. d5 $14 {might be stronger.}) 28... Rd7 {[%emt 0:11:35] Hoping for ...exd4.} 29. Qb2 (29. d5 $11 {and White is okay.}) 29... exd4 $1 $19 {[%emt 0:01:02] Black is clearly winning.} 30. Qxb4 (30. Bxd4 $142 Bxd2 31. Qxd2) 30... dxe3 {[%emt 0:00:08][%mdl 64] [#] Discovered Attack} 31. fxe3 Ne5 {[%emt 0:00:27] Strongly threatening ...Rbd8.} ({Weaker is} 31... Rf8 32. Rf1 Qe8 33. Rxf8 Qxf8 34. Qxf8 Nxf8 35. Nf3 $15) 32. Rf1 Qh5 33. Ra2 Qe2 {[%emt 0:00:36][%cal Ob8d8] ...Rbd8! is the strong threat.} 34. Qc5 Re8 ({And not} 34... Rxd2 35. Rxd2 Qxd2 36. Qxe5 $17) 35. Rf2 {[%emt 0:00:35] Weighted Error Value: White=0.56/Black=0.16 (very precise)} 0-1

[Event "71st Greek Championship 2022"]
[Site "Athens"]
[Date "2022.12.09"]
[Round "7.4"]
[White "Alexiadis, Hristos"]
[Black "Naoum, Spyridon"]
[Result "1-0"]
[ECO "A48"]
[WhiteElo "2342"]
[BlackElo "2352"]
[Annotator "TA"]
[PlyCount "73"]
[EventDate "2022.12.04"]
[EventType "tourn"]
[EventCountry "GRE"]
[SourceTitle "playchess.com"]
[Source "ChessBase"]
[SourceQuality "1"]
[TimeControl "40/5400+30:1800+30"]

1. d4 Nf6 2. Nf3 g6 3. Bg5 Bg7 4. c3 O-O 5. Nbd2 d6 6. e4 c5 7. dxc5 dxc5 8. Qc2 Nc6 9. Be2 Qc7 10. O-O h6 11. Bh4 {[%emt 0:00:05] A48: 1 d4 Nf6 2 Nf3 g6: Torre, London and Colle Systems.} Nh5 12. Nc4 b6 13. Rad1 {[%emt 0:01:25] The position is equal.} Bb7 14. Rfe1 {[%emt 0:03:41] [#]} a6 $146 ({Predecessor:} 14... g5 15. Nfd2 Nf4 16. Bg3 e6 17. h4 b5 18. Ne3 a6 19. hxg5 hxg5 20. Nf3 Qe7 {1-0 (64) Papaioannou,I (2606)-Matamoros Franco,C (2548) Istanbul 2012}) 15. a4 g5 16. Bxg5 hxg5 (16... b5 $1 $11) 17. e5 $1 $16 f6 {[%emt 0:14:20] [#]} (17... Bh6 $16) 18. g3 $1 $18 {[%emt 0:00:06] Black must now prevent Qg6.} Qc8 $2 (18... g4 19. Qf5 gxf3 20. Rd7) (18... e6 {was called for.}) 19. exf6 (19. Nxb6 Qh3 $18) 19... Rxf6 20. Nxb6 Qg4 {[%emt 0:16:39][%cal Oh5f4] [#] And now ...Nf4! would win.} 21. Nh4 $1 Qh3 22. Bf1 (22. Bxh5 gxh4 23. Nd5 {[#]} Kh8 $1 24. Nxf6 Bxf6 $15) 22... Nf4 23. Nxa8 (23. Bxh3 Nxh3+ 24. Kf1 Rxf2+ 25. Qxf2 Nxf2 26. Kxf2 Rf8+ 27. Kg1 (27. Nf3 Ne5 $11) 27... gxh4 $16) 23... gxh4 (23... Bxa8 $142 24. Bxh3 Nxh3+ 25. Kf1 Rxf2+ 26. Qxf2 Nxf2) 24. Qb3+ {[%emt 0:04:28] White is clearly winning.} (24. gxf4 $2 {is the wrong capture.} Qg4+ 25. Bg2 Nd4 $19) 24... Kh7 25. Bxh3 Nxh3+ 26. Kg2 Na5+ {[%emt 0:01:12] [#]} 27. Qxb7 $3 Nxb7 28. Kxh3 hxg3 29. fxg3 Nd6 30. Re2 e5 31. Nc7 ({Not} 31. Rxe5 Rh6+ 32. Kg2 Bxe5 $11) 31... e4 32. Nxa6 Bh6 33. Nxc5 e3 34. Rd3 Nf7 35. Kg2 Rf5 36. b4 Ne5 37. Rdxe3 {[%emt 0:00:10] White took control after the opening.   Weighted Error Value: White=0.22 (precise) /Black=0.96} 1-0

[Event "71st Greek Championship 2022"]
[Site "Athens"]
[Date "2022.12.09"]
[Round "7.5"]
[White "Markidis, Konstantinos"]
[Black "Moutousis, Konstantinos"]
[Result "1/2-1/2"]
[ECO "C88"]
[WhiteElo "2290"]
[BlackElo "2392"]
[Annotator "TA"]
[PlyCount "99"]
[EventDate "2022.12.04"]
[EventType "tourn"]
[EventCountry "GRE"]
[SourceTitle "playchess.com"]
[Source "ChessBase"]
[SourceQuality "1"]
[TimeControl "40/5400+30:1800+30"]

1. e4 e5 2. Nf3 Nc6 3. Bb5 a6 4. Ba4 Nf6 5. O-O Be7 6. Re1 b5 7. Bb3 O-O 8. a4 b4 9. d3 {[%emt 0:03:20] 9.d4 is the fancy move.} d6 10. a5 Be6 11. Bxe6 {[%emt 0:01:34] C88: Closed Ruy Lopez: Anti-Marshall Systems.} fxe6 12. c3 {[%emt 0:00:25] [#]} Qd7 $146 ({Predecessor:} 12... Rb8 13. Nbd2 Rb5 14. d4 bxc3 15. bxc3 exd4 16. cxd4 Qc8 17. Ba3 Nxa5 18. Qc2 c5 19. e5 dxe5 20. dxc5 Nc6 {½-½ (40) Caruana,F (2842)-Ding,L (2805) Ekaterinburg 2021}) 13. Nbd2 {[%emt 0:07:41][%cal Bb1d2,Bd2c4,Bc4a3,Ba3c2][%mdl 32] The position is equal.} bxc3 14. bxc3 Rab8 15. d4 exd4 16. cxd4 Rb5 17. Nc4 h6 18. Bd2 Nh7 19. Na3 Rbb8 20. Nc2 (20. Rc1 $5 ) 20... d5 21. Qe2 Rb2 22. Rac1 (22. Qd3 {is interesting.} Ng5 23. Bxg5 Bxg5 24. Rab1) 22... Rb5 (22... Nf6 $11) 23. Rb1 Rfb8 24. Rxb5 Rxb5 25. exd5 exd5 26. Ne5 Nxe5 27. dxe5 {[%emt 0:00:35][%cal Bd4e5,Be5e6][%mdl 32] And now Nd4 would win.} (27. Qxe5 Bd6 28. Qe2 Nf6 $15) 27... c5 {[%emt 0:01:04] Inhibits Nd4.} (27... Bc5 $14 {should be considered.}) 28. e6 $16 Qc6 29. Qh5 Rb7 30. Ne3 $1 $36 {[%emt 0:00:34][%mdl 2048] White is in control. White is much more active.} Ng5 {[%emt 0:06:00][%mdl 8192] Inhibits Qf7+.} (30... Qxe6 $16 31. Nxd5 Qf7 32. Nxe7+ Rxe7 33. Qxc5 Rxe1+ 34. Bxe1 Nf6 35. Qc8+ Qe8 36. Qc4+ (36. Qxa6 $2 Qxe1+ 37. Qf1 Qxa5 $19) 36... Kh8) 31. Nf5 $18 Nxe6 {[%emt 0:00:59] [#]} 32. Nxh6+ $1 gxh6 (32... Kh8 33. Qf7) 33. Qg6+ Kh8 34. Qxh6+ (34. Qxe6 Qxe6 35. Rxe6 Rb1+ 36. Re1 Rxe1+ 37. Bxe1 c4 $17) (34. Rxe6 Rb1+ $1 35. Qxb1 Qxe6 $11) 34... Kg8 35. Qg6+ (35. Qxe6+ Qxe6 36. Rxe6 Rb1+ 37. Re1 Rb7 $11) 35... Kh8 36. Re5 (36. Qxe6 Qxe6 37. Rxe6 Rb1+ 38. Re1 Rxe1+ 39. Bxe1 d4 $14) 36... Bg5 37. Bxg5 $2 (37. Rxe6 Qxe6 38. Qxe6 Rb1+ 39. Be1) 37... Ng7 38. Qd3 (38. Qxc6 $2 Rb1+) (38. Bf6 $2 Qxf6 $3 39. Rh5+ Nxh5 40. Qxh5+ Kg7 $19) 38... c4 39. Qd1 (39. Qxd5 Rb1+) (39. Qc2 $1 $16 {Strongly threatening Re3.} Qa4 40. Qc1 (40. Qxa4 Rb1+)) 39... c3 $1 $14 40. Bc1 (40. Rxd5 $2 Qxd5 $3 41. Qf1 Qxg5 $19) (40. Qc2 $14 Rb2 41. Qd3) 40... Rb1 {[%emt 0:00:00] [#]} (40... c2 $1 $11 41. Qd2 (41. Qxd5 $2 Qxd5 42. Rxd5 Rb1 $19) 41... Rb1) 41. Re1 (41. Qc2 $1 $16 Ra1 42. Re1 (42. Re7 d4 $11)) 41... Qc4 $2 (41... c2 $11 42. Qd2 Qc4) 42. Qc2 $18 Ra1 43. Re3 $2 {[%emt 0:03:35] The board is on fire.} (43. h3 $18) 43... d4 $11 {[%emt 0:00:44] Threatens to win with ...d3.} (43... Rxa5 $2 44. Rh3+ (44. Qxc3 Qxc3 45. Rxc3 Kg8 $16) 44... Kg8 45. Qh7+ (45. Qxc3 Ra2 $16) 45... Kf7 46. Rf3+ Ke7 47. Qxg7+ $18) 44. Rh3+ Kg8 {[%emt 0:00:15] ...d3 is the strong threat.} 45. Qh7+ Kf7 (45... Kf8 $2 46. Rf3+ Ke8 47. Qg6+ Kd7 48. Rf7+ $18) 46. Rf3+ Ke6 47. Qg8+ Kd6 48. Qd8+ $1 (48. Qxc4 $2 {too greedy.} Rxc1+ $19) 48... Ke5 (48... Kc6 $5 49. Qb6+ $8 Kd7 50. Qb7+ Ke8 $11) 49. Qb6 $2 Qc7 $4 50. Qd6+ $4 {[%emt 0:00:06][%mdl 40960] Never resign too early!   Weighted Error Value: White=0.51/Black=0.43. An unexpected result.} (50. Qxc7+ {is the narrow road to win.} Kd5 {[#]} 51. g4 $1 Rxc1+ 52. Kg2 Rc2 53. Qxg7 Kc5 54. Qe7+ Kc4 55. Qd7) 1/2-1/2